 Dungeon Crawl Stone Soup version 0.23.0-3-gf3c87f2 (webtiles) character file.

Game seed: 14522862613781310134

74 MovingMist the Covered (level 4, -2/29 HPs)
             Began as a Gargoyle Fighter on Feb 21, 2019.
             Killed from afar by Natasha (6 damage)
             ... with a magic dart
             ... on level 3 of the Dungeon.
             The game lasted 00:02:47 (1512 turns).

MovingMist the Covered (Gargoyle Fighter)           Turns: 1512, Time: 00:02:48

Health: -2/29      AC: 10    Str: 20    XL:     4   Next: 28%
Magic:  4/4        EV:  7    Int:  8    God:
Gold:   94         SH:  9    Dex: 10    Spells: 3/3 levels left

rFire    . . .     SeeInvis .   k - +0 whip
rCold    . . .     Gourm    .   c - +0 shield
rNeg     + . .     Faith    .   b - +0 scale mail
rPois    ∞         Spirit   .   (no helmet)
rElec    +         Reflect  .   (no cloak)
rCorr    .         Harm     .   (no gloves)
MR       .....                  (no boots)
Stlth    ..........             (no amulet)
HPRegen  0.09/turn              (no ring)
MPRegen  0.09/turn              (no ring)

@: no status effects
A: negative energy resistance 1, electricity resistance, unbreathing,
petrification resistance, rot immunity, AC +3
a: no special abilities


You were on level 3 of the Dungeon.
You were not hungry.

You visited 1 branch of the dungeon, and saw 3 of its levels.

You collected 94 gold pieces.

Inventory:

Hand Weapons
 a - a +0 flail
 k - a +0 whip (weapon)
Missiles
 g - 2 javelins (quivered)
Armour
 b - a +0 scale mail (worn)
 c - a +0 shield (worn)
Wands
 q - a wand of clouds (8)
Scrolls
 j - a scroll of remove curse {unknown}
 l - a scroll of fog {unknown}
 m - a scroll of teleportation {unknown}
 n - 2 scrolls of identify {unknown}
 o - a scroll of blinking {unknown}
Potions
 d - a potion of might
 e - a potion of ambrosia {unknown}
 h - 2 potions of curing {unknown}
 i - a potion of lignification {unknown}
 p - a potion of heal wounds {unknown}
Comestibles
 f - 5 rations


   Skills:
 + Level 4.0 Fighting
 + Level 2.7 Maces & Flails
 * Level 4.5 Armour
 - Level 3.2 Shields


You had 3 spell levels left.
You didn't know any spells.
Your spell library was empty.

Dungeon Overview and Level Annotations

Branches:
Dungeon (3/15)

Altars:
Cheibriados
Ru
Xom

Annotations:
D:3 Natasha


Innate Abilities, Weirdness & Mutations

You are resistant to torment.
Your stone body is resilient. (AC +3)
You are immune to poison.
You resist negative energy. (rN+)
You are resistant to electric shocks. (rElec)
You can survive without breathing.
You are immune to petrification.
You are immune to rotting.


Message History

Natasha is heavily wounded.
Natasha claws you.
You closely miss Natasha.
Natasha is heavily wounded.
Natasha howls an incantation.
Natasha shimmers violently.
You block Natasha's attack.
You miss Natasha.
Natasha is heavily wounded.
Natasha claws you.
* * * LOW HITPOINT WARNING * * *
You hit Natasha but do no damage.
Natasha is heavily wounded.
Natasha claws you but does no damage.
You hit Natasha.
Natasha is severely wounded.
You block Natasha's attack. Natasha casts a spell at you.
The magic dart hits you.
You die...

#....#.# #.####.#
#.##.#.#######
#.##.#.......#
#####.....<....#.#
#........#####.#.#
###.###........#.#
#.# #.########.#
#.# #.# #...h@.#
#.# #.# #.######
#.# #.# #.# #.#
#.# #.# ... ...
#..


You could see Natasha.

Vanquished Creatures
  Natasha (D:3)
  A worm (D:2)
  3 dart slugs
  2 giant cockroaches
  6 goblins
  A hobgoblin (D:1)
  3 jackals (D:1)
  8 kobolds
  A quokka (D:2)
  A ball python (D:2)
  4 bats (D:1)
  7 frilled lizards
  3 rats
41 creatures vanquished.

Notes
Turn   | Place    | Note
-------+----------+-------------------------------------------
     0 | D:1      | MovingMist the Gargoyle Fighter began the quest for the
                  | Orb.
     0 | D:1      | Reached XP level 1. HP: 14/14 MP: 1/1
    68 | D:1      | Reached XP level 2. HP: 19/19 MP: 2/2
   381 | D:1      | Reached XP level 3. HP: 21/23 MP: 3/3
  1145 | D:2      | Found a shimmering altar of Xom.
  1148 | D:2      | Found a shimmering altar of Xom.
  1262 | D:2      | Found a sacrificial altar of Ru.
  1285 | D:2      | Found a snail-covered altar of Cheibriados.
  1452 | D:3      | Noticed Natasha
  1461 | D:3      | Killed Natasha
  1461 | D:3      | Reached XP level 4. HP: 29/29 MP: 4/4
  1500 | D:3      | Noticed Natasha
  1512 | D:3      | Killed from afar by Natasha

Skill      XL: |  1  2  3 |
---------------+----------+-----
Armour         | 4 |  4.5
Fighting       | 4 |  4.0
Maces & Flails | |  2.7
Shields        | |  3.2

Action                   |  1- 3 |  4- 6 || total
-------------------------+-------+-------++-------
Melee: Flail             |    43 |       ||    43
       Whip              |   115 |    11 ||   126
  Eat: Chunk             |     2 |       ||     2
Armor: Scale mail        |    67 |     2 ||    69
Dodge: Dodged            |    28 |       ||    28
Block: Shield            |    66 |     5 ||    71
